 Dungeon Crawl Stone Soup version 0.29-a0-330-g52719c12eb (webtiles) character file.

Game seed: 13327936431783335069

2891 kae the Firebug (level 9, -4/62 HPs)
             Began as a Demigod Fire Elementalist on May 1, 2022.
             Engulfed by a cloud of flame (17 damage)
             ... on level 7 of the Dungeon.
             The game lasted 00:06:24 (8871 turns).

kae the Firebug (Demigod Fire Elementalist)         Turns: 8871, Time: 00:06:24

Health: -4/62      AC:  4    Str:  9    XL:     9   Next: 24%
Magic:  11/22      EV: 12    Int: 35    God:
Gold:   775        SH:  0    Dex: 14    Spells: 5/21 levels left

rFire   . . .      SeeInvis .   x - +1 falchion (elec)
rCold   + . .      Faith    .   (no shield)
rNeg    + . .      Spirit   .   a - +1 robe
rPois   +          Reflect  .   p - +0 helmet
rElec   +          Harm     .   (no cloak)
rCorr   .          Rampage  .   (no gloves)
Will    .....                   (no boots)
Stlth   ++........              (no amulet)
HPRegen 0.20/turn               B - ring of Sontox {rElec rPois rC+ rN+ Int+6 Slay+2}
MPRegen 0.18/turn               (no ring)

@: no status effects
A: high MP 1, forlorn, divine attributes
a: no special abilities


You were on level 7 of the Dungeon.
You visited 1 branch of the dungeon, and saw 7 of its levels.
You also visited: Ossuary.

You collected 775 gold pieces.

Inventory:

Hand Weapons
 d - a +1 dagger
 r - the +9 dagger "Qynulues" {antimagic, Int+5}
   (You found it on level 3 of the Dungeon)

   It reduces the magical energy of the wielder, and disrupts the spells and
   magical abilities of those it strikes.
   Natural abilities and divine invocations are not affected.
   Int:       It affects your intelligence (+5).
 x - a +1 falchion of electrocution (weapon)
Armour
 a - a +1 robe (worn)
 p - a +0 helmet (worn)
Jewellery
 B - the ring of Sontox (left hand) {rElec rPois rC+ rN+ Int+6 Slay+2}
   (You found it on level 5 of the Dungeon)

   [ring of intelligence]

   Int:       It affects your intelligence (+6).
   Slay:      It affects your accuracy & damage with ranged weapons and melee
   (+2).
   rC:        It protects you from cold.
   rElec:     It insulates you from electricity.
   rPois:     It protects you from poison.
   rN:        It protects you from negative energy.
Scrolls
 f - a scroll of blinking
 g - 2 scrolls of teleportation
 h - a scroll of noise
 l - a scroll of enchant armour
 m - 2 scrolls of summoning
 o - a scroll of fog
 u - a scroll of magic mapping
 A - 3 scrolls of fear
Potions
 b - 2 potions of magic
 c - 4 potions of berserk rage
 e - 2 potions of flight
 i - a potion of invisibility
 j - 4 potions of resistance
 k - 2 potions of curing
 n - 4 potions of mutation
 q - a potion of degeneration
 s - 2 potions of brilliance
 t - 3 potions of haste
 v - 4 potions of attraction
 w - a potion of might
 z - a potion of cancellation {unknown}


   Skills:
 - Level 1.7 Dodging
 - Level 1.7 Stealth
 + Level 6.6 Spellcasting
 + Level 7.0 Conjurations
 + Level 7.5 Fire Magic


You had 5 spell levels left.
You knew the following spells:

 Your Spells              Type           Power      Damage    Failure   Level
a - Foxfire               Conj/Fire      100%       2x1d9     1%          1
b - Scorch                Fire           100%       2d10      1%          2
c - Conjure Flame         Conj/Fire      58%        6-21      1%          3
d - Inner Flame           Hex/Fire       37%        N/A       2%          3
e - Flame Wave            Conj/Fire      58%        2d11      1%          4
f - Swiftness             Air            11%        N/A       11%         3

Your spell library contained the following spells:

 Spells                   Type           Power      Damage    Failure   Level
 Shock                    Conj/Air       100%       1d9       1%          1
 Animate Skeleton         Necr           22%        N/A       3%          1
 Apportation              Tloc           22%        N/A       3%          1
 Summon Small Mammal      Summ           44%        N/A       3%          1
 Gell's Gravitas          Tloc           11%        N/A       11%         3
 Teleport Other           Tloc           11%        N/A       11%         3
 Airstrike                Air            5%         N/A       34%         4
 Dispersal                Tloc           5%         N/A       99%         6


Dungeon Overview and Level Annotations

Branches:
Dungeon (7/15)             Temple (0/1) D:4         Ossuary (visited)

Shops:
D:3 *


Innate Abilities, Weirdness & Mutations

You have an increased reservoir of magic. (+10% MP)
You shall have no god before yourself.
Your divine heritage dramatically boosts your attributes as you level up.


Message History

A shadow imp comes into view.
A manticore comes into view.
Okay, then.
Casting: Foxfire (safe; 1% risk of failure)
Confirm with . or Enter, or press ? or * to list all spells.
Casting: Flame Wave (dangerous; 1% risk of failure)
Press: ? - help, Dir - look around, f - activate A wave of flame ripples out!
The tree burns like a torch!
The flame wave engulfs your foxfire.
Your foxfire completely resists.
The flame wave engulfs the iguana!
You kill the iguana! (Press . to intensify the flame waves.)
You hear a shout! x4
Something shouts, "Scamper hence, thou defiled earth-vexing vassal!"
The kobold brigand is no longer more vulnerable to fire.
The foxfire hits the kobold brigand.
The kobold brigand is heavily wounded.
The wizard mumbles some strange words.
The wizard blinks!
You hear a roar!
A wave of flame ripples out!
The flame wave engulfs the kobold brigand!
You kill the kobold brigand!
The tree burns like a torch!
The flame wave engulfs the orc wizard!
The orc wizard is heavily wounded.
You are engulfed in blazing flames.
* * * LOW HITPOINT WARNING * * *
You hear two shouts!
Your Conjurations skill increases to level 7!
A wave of flame ripples out!
The flame wave engulfs the manticore!
The manticore is moderately wounded.
The tree burns like a torch!
The flame wave engulfs something!
The flame wave engulfs the troll!
The troll is moderately wounded.
The flame wave engulfs the orc wizard.
The orc wizard is almost dead.
You feel a bit more experienced.
You finish channelling waves of flame.
You are engulfed in blazing flames.
You die...

#♣≈≈≈♣♣♣..♣
..
#.≈≈≈.....♣♣
♣..
#♣≈≈≈♣♣♣♣..♣♣
♣..♣ #.≈≈≈†#
♣♣..♣♣ ♣..♣
#.≈≈≈.#
♣♣..♣♣♣♣..♣
#.≈≈≈.#
♣§..§§..♣
#.≈≈≈.#
♣§§§§..§♣
#♣.≈.♣#
♣§§§..§§♣
♣♣.♣♣
♣§§§@§§§♣
##♣.♣##
####)####
#.....# #H#
#.#♣...♣#


$To #.#.♣.♣.# l#o #.#♣.).♣# .[ .p #.#.....# ## ## #.###.#### #....)...# You
could see a manticore, a wizard (combustible), a troll, an iguana, an orc priest
and an orc wizard.

Vanquished Creatures
  A troll (D:6)
  Sigmund (D:2)
  Eustachio (D:4)
  2 water moccasins
  An orc warrior (D:6)
  2 sky beasts
  2 black bears
  An ice beast (D:5)
  2 ogres (D:5)
  2 kobold brigands (D:7)
  A phantom (D:6)
  A gnoll sergeant (D:3)
  A scorpion (D:6)
  An electric eel (D:7)
  A howler monkey (D:4)
  2 gnoll shamans (D:5)
  3 hounds
  4 orc priests
  2 jellies
  3 iguanas
  4 orc wizards
  8 mummies (Ossuary)
  Robin (D:2)
  7 adders
  20 gnolls
  A shadow imp (D:6)
  A white imp (D:7)
  A worm (D:4)
  5 dart slugs
  30 orcs
  5 endoplasms
  A giant cockroach (D:1)
  15 goblins
  8 hobgoblins
  2 jackals (D:3)
  3 quokkas
  8 ball pythons
  5 bats
  4 frilled lizards
  2 gnoll zombies (Ossuary)
  2 hobgoblin zombies (Ossuary)
  6 kobolds
  2 kobold zombies (Ossuary)
  2 orc zombies (Ossuary)
  8 rats
185 creatures vanquished.

Vanquished Creatures (others)
  599 foxfires
599 creatures vanquished.

Grand Total: 784 creatures vanquished

Notes
Turn   | Place    | Note
-------+----------+-------------------------------------------
     0 | D:1      | kae the Demigod Fire Elementalist began the quest for the
                  | Orb.
     0 | D:1      | Reached XP level 1. HP: 14/14 MP: 5/5
   107 | D:1      | Reached skill level 1 in Conjurations
   362 | D:1      | Reached XP level 2. HP: 20/20 MP: 2/7
   633 | D:1      | Learned a level 2 spell: Scorch
  1806 | D:2      | Reached XP level 3. HP: 24/26 MP: 3/9
  2004 | D:3      | Found Kaiq's Assorted Antiques.
  2465 | D:3      | Noticed a sky beast
  2475 | D:3      | Identified the +1 leather armour of Dust Devil {rCorr MP-9
                  | Dex+4}
  2507 | D:3      | Killed a sky beast
  2508 | D:3      | Reached XP level 4. HP: 13/33 MP: 0/11
  2707 | D:3      | Learned a level 3 spell: Conjure Flame
  2883 | D:3      | Noticed Robin
  2889 | D:3      | Noticed Sigmund
  2913 | D:2      | Killed Robin
  2914 | D:2      | Reached XP level 5. HP: 33/38 MP: 5/12
  3102 | D:2      | Killed Sigmund
  3103 | D:2      | Reached XP level 6. HP: 16/45 MP: 6/14
  4243 | D:3      | Found the +3 woodcutter's axe {vorpal}
  4287 | D:3      | Noticed a moth of wrath
  4312 | D:3      | Identified the +9 dagger "Qynulues" {antimagic, Int+5}
  4429 | D:4      | Reached XP level 7. HP: 50/50 MP: 8/16
  4466 | D:4      | Found a sand-covered staircase.
  4477 | Ossuary  | Entered an ossuary
  4624 | Ossuary  | Reached skill level 5 in Fire Magic
  5237 | D:4      | Found a staircase to the Ecumenical Temple.
  5248 | D:4      | Learned a level 3 spell: Inner Flame
  5253 | D:4      | Learned a level 4 spell: Flame Wave
  5318 | D:4      | Noticed Eustachio
  5342 | D:4      | Killed Eustachio
  5853 | D:5      | Entered Level 5 of the Dungeon
  5917 | D:5      | Reached skill level 5 in Conjurations
  5970 | D:5      | Reached skill level 5 in Spellcasting
  6175 | D:5      | Reached XP level 8. HP: 47/57 MP: 15/19
  6917 | D:5      | Identified the ring of Sontox {rElec rPois rC+ rN+ Int+6
                  | Slay+2}
  7625 | D:6      | Learned a level 3 spell: Swiftness
  7687 | D:6      | Noticed a troll
  7707 | D:6      | Killed a troll
  8091 | D:6      | Reached XP level 9. HP: 62/62 MP: 14/22
  8859 | D:7      | Noticed a wizard
  8869 | D:7      | Noticed a manticore
  8871 | D:7      | Engulfed by a cloud of flame

Illustrated notes

Levels and vault maps discovered:
D:1:      kilobyte_arrival_exit_the_forest, layout_basic,
          ebering_ecumenical_altar_ruins, minmay_misc_feat_tiny
D:2:      layout_basic, item_on_display_a
D:3:      layout_loops_ring, amcnicky_altar_gilded, tgw_trog,
          mainiacjoe_overflow_alcove_3, serial_shops, shop,
          nicolae_concentric_dashed_squares_mild, pf_guarded_unrand_woodcutter,
          uniq_sigmund, uniq_robin
D:4:      layout_basic, temple_pool_b, chequers_ossuary_entry_cave,
          uniq_eustachio
D:5:      layout_basic, lemuel_tele_altar
D:6:      layout_loops_corners, minmay_small_thing
D:7:      nzn_winding_woodlands_large [nzn_winding_woodlands_5x5_cross,
          nzn_winding_woodlands_5x15_sawtooth,
          nzn_winding_woodlands_5x5_checkerboard,
          nzn_winding_woodlands_center_pierced_h,
          nzn_winding_woodlands_15x15_thick_spiral,
          nzn_winding_woodlands_center_triple_pond,
          nzn_winding_woodlands_hourglass,
          nzn_winding_woodlands_5x15_river_crossing,
          nzn_winding_woodlands_5x5_default], layout_basic,
          grunt_dithmenos_smoke_and_mirrors, nicolae_shop_clearance

Skill      XL: |  1  2  3  4  5  6  7  8  9 |
---------------+----------------------------+-----
Conjurations   | 1 2 3 4 5 6 7 |  7.0
Spellcasting   | 2 3 4 5 6 |  6.6
Fire Magic     | 3 4 5 7 |  7.5
Dodging        | |  1.7
Stealth        | |  1.7

Action                   |  1- 3 |  4- 6 |  7- 9 || total
-------------------------+-------+-------+-------++-------
Melee: Dagger            |     7 |     1 |       ||     8
       Unarmed           |     1 |       |       ||     1
       Falchion          |       |       |     1 ||     1
 Cast: Foxfire           |    77 |    56 |   223 ||   356
       Scorch            |     9 |    22 |    47 ||    78
       Conjure Flame     |       |     2 |     6 ||     8
       Inner Flame       |       |       |     3 ||     3
       Flame Wave        |       |       |     1 ||     1
  Use: Scroll            |    14 |     3 |     8 ||    25
Armor: Robe              |    11 |    12 |    16 ||    39
Dodge: Dodged            |    27 |    15 |    35 ||    77

Table legend: (Time is in decaauts)
 A = Elapsed time spent in this place.
 B = Non-inter-level travel time spent in this place.
 C = Inter-level travel time spent in this place.
 D = Time resting spent in this place.
 E = Time spent auto-exploring this place.
 F = Levels seen in this place.
 G = Mean time per level.
                   A        B        C        D        E       F      G
               +--------+--------+--------+--------+--------+-----+--------+
         Total |   8878 |   8689 |    189 |    590 |   6625 |   8 | 1109.8 |
       Dungeon |   8430 |   8241 |    189 |    561 |   6347 |   7 | 1204.3 |
       Ossuary |    447 |    447 |      0 |     29 |    278 |   1 |  447.0 |
               +--------+--------+--------+--------+--------+-----+--------+

Top non-repeatable levels by time:
     D:3: 2119 daAuts
     D:5: 1431 daAuts
     D:6: 1428 daAuts
     D:1: 1301 daAuts
     D:4: 1014 daAuts
     D:2: 977 daAuts
 Ossuary: 447 daAuts
     D:7: 157 daAuts
